Map: 세룰리안 폴 - 래더

Players

Rogue - Winner!

  • Race: Zerg Zerg
  • Spawn Location: 7:00

Cure

  • Race: Terran Terran
  • League: Master
  • Spawn Location: 1:00

Event: HomeStory Cup XVIII

VOD

Have the link to the VOD?

Description

Time

  • Played on: Nov. 22, 2018, 9:59 a.m.
  • Length: 5:19

All games in this series

Show
View Real Time Build Order
Export as new Build Order

Rogue Zerg - Winner!

Build Orders: Hatch First 

Get SALT Encoding   

  12  0:00  Drone  
  13  0:13  Overlord  
  13  0:17  Drone  
  14  0:31  Drone x2  
  16  0:50  Hatchery  
  16  0:51  Drone  
  16  0:55  Drone  
  17  0:58  Drone  
  18  1:10  Extractor  
  17  1:14  Spawning Pool  
  17  1:17  Drone  
  17  1:19  Drone  
  18  1:28  Drone  
  19  1:39  Overlord  
  19  1:50  Drone  
  20  2:00  Queen  
  23  2:01  Queen, Zergling x2  
  23  2:02  Zergling x2  
  26  2:12  Drone  
  26  2:13  Drone  
  28  2:22  Metabolic Boost  
  28  2:24  Drone x2  
  30  2:36  Hatchery  
  29  2:39  Drone  
  29  2:41  Drone  
  31  2:48  Queen  
  31  2:51  Drone  
  34  2:55  Overlord  
  34  2:59  Drone  
  34  3:00  Drone  
  36  3:13  Drone  
  36  3:14  Drone x3  
  36  3:15  Drone x2  
  36  3:17  Overlord  
  42  3:20  Drone  
  42  3:25  Drone  
  44  3:37  Drone x2  
  44  3:38  Queen  
  48  3:44  Zergling x4  
  48  3:46  Drone x2  
  52  3:49  Overlord  
  52  3:50  Queen, Overlord  
  54  4:02  Baneling Nest  
  53  4:06  Queen  
  55  4:10  Drone x7  
  55  4:13  Drone x2  
  64  4:18  Zergling x4  
  64  4:21  Overlord  
  65  4:32  Overlord  
  65  4:39  Queen  
  65  4:40  Drone, Spore Crawler x2  
  65  4:41  Drone x6  
  65  4:44  Extractor  
  71  4:45  Extractor  
  71  4:48  Baneling x6  
  71  4:49  Baneling x3  
  70  4:53  Zergling x6  
  70  4:55  Baneling  
  70  4:58  Overlord x2  
Show
View Real Time Build Order
Export as new Build Order

Cure Terran 

Build Orders: Gas First Reaper Expand, Hellion Opening, Reaper Expand 

Get SALT Encoding   

  12  0:00  SCV  
  13  0:12  SCV  
  14  0:17  Supply Depot  
  14  0:24  SCV  
  14  0:27  Refinery  
  15  0:38  SCV  
  16  0:44  Barracks  
  16  0:51  SCV  
  17  1:03  SCV  
  18  1:15  SCV  
  19  1:30  Orbital Command  
  19  1:31  Reaper  
  20  1:43  Command Center  
  20  1:56  Factory, SCV  
  21  2:04  Refinery  
  21  2:05  Barracks Reactor  
  22  2:08  SCV  
  22  2:14  Supply Depot  
  22  2:20  SCV  
  23  2:35  SCV  
  24  2:41  Starport  
  24  2:47  Hellion x2, SCV  
  29  2:54  Orbital Command  
  29  2:58  Barracks Tech Lab  
  29  3:00  SCV  
  30  3:09  Hellion  
  30  3:10  Hellion  
  34  3:17  Viking  
  36  3:20  SCV  
  36  3:24  SCV  
  38  3:29  Supply Depot, Marine  
  39  3:36  Hellion  
  39  3:37  Hellion  
  43  3:46  Armory  
  43  3:47  Marauder  
  45  3:52  Supply Depot  
  45  3:56  Medivac  
  45  3:57  Concussive Shells  
  49  4:08  Hellion  
  49  4:09  Marauder, Hellion  
  53  4:16  Supply Depot, SCV x2  
  55  4:29  Hellion  
  55  4:30  Marauder, Hellion  
  64  4:39  Supply Depot  
  64  4:45  SCV x2  
  70  5:04  SCV x2  
Tags
 
Add a new tag
Caveats
  • Supply blocks, unpowered buildings, or Contaminate may cause inaccurate times.
  • Supply counts are checked every 10 seconds.